 Dungeon Crawl Stone Soup version 0.30-a0-782-ge64f9170bb (webtiles) character file.

Game seed: 2954802440767668642

3601 vineage the Fighter (level 10, -5/66 HPs)
             Began as a Gargoyle Fighter on Feb 26, 2023.
             Was a Priest of Okawaru.
             Slain by an orc knight
             ... wielding a +0 war axe
              (10 damage)
             ... in a bailey.
             The game lasted 00:06:50 (5455 turns).

vineage the Fighter (Gargoyle Fighter)              Turns: 5455, Time: 00:06:51

Health: -5/66      AC: 28    Str: 24    XL:     10   Next: 10%
Magic:  11/13      EV:  9    Int:  9    God:    Okawaru [***...]
Gold:   638        SH:  7    Dex:  9    Spells: 9/9 levels left

rFire   . . .      SeeInvis +    u - +4 flail (protect)
rCold   . . .      Faith    .    c - +1 buckler
rNeg    + . .      Spirit   .    i - +0 chain mail
rPois   ∞          Reflect  .    (no helmet)
rElec   +          Harm     .    t - +0 cloak
rCorr   .          Rampage  .    (no gloves)
Will    .....                    (no boots) Stlth
                                 (no amulet)
HPRegen 0.31/turn                m - ring of see invisible
MPRegen 0.13/turn                (no ring)

@: mighty, heroic, under a protective aura, hasted, very quick
A: sickness immunity, AC +7, negative energy resistance 1, electricity
resistance, torment resistance 1, petrification resistance
a: Renounce Religion, Heroism


You were in a bailey.
You worshipped Okawaru.
Okawaru was most pleased with you.
You visited 1 branch of the dungeon, and saw 7 of its levels.
You also visited: Bailey.

You collected 638 gold pieces.

Inventory:

Hand Weapons
 a - a +0 flail of draining
 g - a +2 whip of electrocution
 u - a +4 flail of protection (weapon)
Missiles
 p - a throwing net (quivered)
Armour
 c - a +1 buckler (worn)
 e - the +3 swamp dragon scales of Syndicalism {rPois Str+4}
   (You found it in a bailey)

   Str:       It affects your strength (+4).
   rPois:     It protects you from poison.
 i - a +0 chain mail (worn)
 t - a +0 cloak (worn)
Jewellery
 m - a ring of see invisible (left hand)
Wands
 r - a wand of flame (5)
Scrolls
 l - 2 scrolls of amnesia
 s - a scroll of enchant armour
Potions
 b - 3 potions of attraction
 d - 2 potions of might
 h - 2 potions of haste
 j - a potion of flight {unknown}
 o - 2 potions of magic
 q - a potion of cancellation {unknown}


   Skills:
 + Level 9.1(14.1) Fighting
 + Level 8.0(13.0) Maces & Flails
 + Level 6.8(11.8) Armour
 + Level 6.8(11.8) Shields
 - Level 4.9 Invocations


You had 9 spell levels left.
You didn't know any spells.
Your spell library contained the following spells:

 Spells                   Type           Power      Damage    Failure   Level
 Freeze                   Ice            0%         1d3       93%         1
 Blink                    Tloc           0%         N/A       98%         2
 Dazzling Flash           Conj/Hex       0%         N/A       100%        3
 Frozen Ramparts          Ice            0%         1d1       100%        3
 Hailstorm                Conj/Ice       0%         3d3       100%        3
 Kindle Blastsparks       Fire/Tloc/Air  0%         2d10      100%        3
 Fulminant Prism          Conj/Hex       0%         3d5       100%        4
 Ice Form                 Ice/Tmut       0%         N/A       100%        4
 Iskenderun's Mystic Bla  Conj/Tloc      0%         2d3       100%        4
 Manifold Assault         Tloc           0%         N/A       100%        4
 Agony                    Necr           0%         N/A       100%        5
 Lee's Rapid Deconstruct  Erth           0%         3d4*      100%        5
 Silence                  Hex/Air        0%         N/A       100%        5
 Storm Form               Tmut/Air       0%         N/A       100%        7
 Summon Ice Beast         Ice/Summ       Unusable   N/A       N/A         4

Dungeon Overview and Level Annotations

Branches:
Dungeon (7/15)             Temple (0/1) D:5          Bailey (1/1)

Altars:
Hepliaklqana
Makhleb
Okawaru
Trog
Uskayaw
Zin

Shops:
D:6 *


Innate Abilities, Weirdness & Mutations

You are immune to sickness and miasma.
Your stone body is resilient. (AC +7)
You are immune to poison.
You resist negative energy. (rN+)
You are resistant to electric shocks. (rElec)
You are resistant to unholy torment.
You are immune to petrification.


Message History

The orc knight goes into a battle-frenzy!
You hit the orc knight.
Your weapon exudes an aura of protection.
The orc knight is severely wounded.
The orc knight no longer looks unusually strong.
You block the orc knight's attack.
The orc knight roars a battlecry!
The orc knight goes into a battle-frenzy!
You hit the orc knight.
The orc knight is severely wounded.
The orc knight no longer looks unusually strong.
You block the orc knight's attack.
You barely miss the orc knight.
The orc knight is severely wounded.
You block the orc knight's attack.
You closely miss the orc knight.
The orc knight is severely wounded.
You block the orc knight's attack.
You bludgeon the orc knight!!
The orc knight is almost dead.
The orc knight roars a battlecry!
The orc knight goes into a battle-frenzy!
The orc knight hits you with a +0 war axe!!
* * * LOW HITPOINT WARNING * * *
You feel yourself speed up. You block the orc knight's attack.
You bludgeon the orc knight!!
You kill the orc knight!
Okawaru is honoured by your kill.
Your base Fighting skill increases to level 9!
Your base Maces & Flails skill increases to level 8!
You have reached level 10!
Okay, then.
You closely miss the orc knight.
You feel like a meek peon again.
You gain the combat prowess of a mighty hero.
You block the orc knight's attack.
You sock the orc knight!
The orc knight is moderately wounded.
The orc knight hits you with a +0 war axe!
You die...

....~~.......~~.
#.###~~..)....~~#
#....~~.......~~.
#.###~~.......~~##
#....~~.......~~.
#.###~~(......~~#
#....~~)......~~.
#.###~~.......~~#
#.@oKo~.......~~.
#####o~.......~~#
##~.......~##
####'''####
##.....##
#∩.....∩#
#...8...#
##.)(..## ###'###


You could see 2 orc knights, an orc warrior (strong) and a kobold brigand.

Vanquished Creatures
  Pikel (D:6)
  An orc knight (Bailey)
  Sigmund (D:3)
  A steam dragon (D:6)
  Edmund (D:4)
  Menkaure (D:6)
  Duvessa (D:6)
  A water moccasin (D:5)
  A sky beast (D:6)
  An orc warrior (Bailey)
  2 ice beasts (D:5)
  An ogre (D:5)
  A lemure (D:6)
  2 phantoms (D:5)
  4 kobold brigands (Bailey)
  2 necrophages
  4 scorpions
  3 wights (D:6)
  Dowan (D:6)
  A jelly (D:6)
  Crazy Yiuf (D:3)
  A gnoll bouda (D:4)
  3 iguanas
  4 orc wizards
  3 gnolls
  7 adders
  A shadow imp (D:6)
  A white imp (D:6)
  3 ufetubi
  4 worms
  2 dart slugs
  21 orcs
  8 ball pythons
  2 bats
  11 endoplasms
  10 goblins
  10 hobgoblins
  3 quokkas
  5 frilled lizards
  12 kobolds
  6 rats
149 creatures vanquished.

Notes
Turn   | Place    | Note
-------+----------+-------------------------------------------
     0 | D:1      | vineage the Gargoyle Fighter began the quest for the Orb.
     0 | D:1      | Reached XP level 1. HP: 14/14 MP: 1/1
   178 | D:1      | Reached XP level 2. HP: 19/19 MP: 2/2
   249 | D:1      | Found a faded altar of an unknown god.
   922 | D:2      | Reached XP level 3. HP: 23/24 MP: 3/3
   925 | D:2      | Reached skill level 4 in Fighting
  1701 | D:2      | Reached XP level 4. HP: 30/30 MP: 4/4
  1855 | D:3      | Found a runed translucent door.
  1856 | D:3      | Noticed Crazy Yiuf
  1923 | D:3      | You fall into a shaft and drop 1 floor!
  2103 | D:3      | Found a glowing silver altar of Zin.
  2103 | D:3      | Found a burning altar of Makhleb.
  2104 | D:3      | Noticed a cacodemon
  2104 | D:3      | Noticed an angel
  2457 | D:3      | Noticed Sigmund
  2462 | D:3      | Killed Sigmund
  2463 | D:3      | Reached skill level 5 in Fighting
  2463 | D:3      | Reached XP level 5. HP: 33/36 MP: 5/5
  2463 | D:3      | Reached XP level 6. HP: 37/41 MP: 6/6
  2585 | D:3      | Killed Crazy Yiuf
  2650 | D:3      | Reached skill level 6 in Fighting
  2866 | D:4      | Reached skill level 5 in Maces & Flails
  2901 | D:4      | Noticed Edmund
  3271 | D:4      | Found a bloodstained altar of Trog.
  3288 | D:4      | Killed Edmund
  3289 | D:4      | Reached XP level 7. HP: 29/47 MP: 7/7
  3399 | D:4      | Found an iron altar of Okawaru.
  3416 | D:4      | Became a worshipper of Warmaster Okawaru
  3461 | D:4      | Found a hazy altar of Hepliaklqana.
  3609 | D:5      | Entered Level 5 of the Dungeon
  3621 | D:5      | Reached skill level 7 in Fighting
  3729 | D:5      | Reached skill level 1 in Invocations
  3740 | D:5      | Reached XP level 8. HP: 53/53 MP: 7/9
  3799 | D:5      | Reached * piety under Okawaru
  4088 | D:5      | Found a staircase to the Ecumenical Temple.
  4435 | D:6      | Noticed Pikel
  4463 | D:6      | Killed Pikel
  4463 | D:6      | Reached ** piety under Okawaru
  4464 | D:6      | Reached skill level 8 in Fighting
  4464 | D:6      | Reached skill level 5 in Armour
  4464 | D:6      | Reached skill level 5 in Shields
  4464 | D:6      | Reached XP level 9. HP: 45/59 MP: 9/12
  4665 | D:6      | Noticed Menkaure
  4676 | D:6      | Killed Menkaure
  4755 | D:6      | Found a hide-covered altar of Uskayaw.
  5026 | D:6      | Found Xude's General Store.
  5027 | D:6      | Noticed Duvessa
  5028 | D:6      | Noticed Dowan
  5039 | D:6      | Killed Duvessa
  5039 | D:6      | Reached *** piety under Okawaru
  5042 | D:6      | Killed Dowan
  5293 | D:7      | Found a flagged portal.
  5325 | Bailey   | Entered a bailey
  5403 | Bailey   | Identified the +3 swamp dragon scales of Syndicalism {rPois
                  | Str+4}
  5406 | Bailey   | Noticed an orc knight
  5406 | Bailey   | Noticed an orc knight
  5409 | Bailey   | Noticed an orc knight
  5435 | Bailey   | HP: 3/60 [orc knight/+0 war axe (11)]
  5450 | Bailey   | HP: 3/60 [orc knight/+0 war axe (28)]
  5452 | Bailey   | Killed an orc knight
  5453 | Bailey   | Reached skill level 9 in Fighting
  5453 | Bailey   | Reached XP level 10. HP: 4/66 MP: 13/13
  5455 | Bailey   | Slain by an orc knight

Illustrated notes

Levels and vault maps discovered:
D:1:      dpeg_arrival_tiny_k, layout_basic, nicolae_ecumenical_snake_handling
D:2:      layout_loops_ring
D:3:      layout_rooms, grunt_temple_overflow_order_and_chaos_2, serial_curves,
          eino_curves_02, eino_curves_02, st_stairs_9, uniq_sigmund,
          uniq_crazy_yiuf_cottage
D:4:      layout_cave_pools, okawaru_gym_becter,
          mainiacjoe_overflow_cross_hatched, kennysheep_mini, uniq_edmund
D:5:      layout_rooms, minmay_temple_entry_tees, grunt_ministairs_3
D:6:      layout_rooms, lemuel_coloured_pillars_altar, serial_shops,
          nicolae_square_shop, uniq_menkaure, uniq_duvessa, uniq_pikel
D:7:      layout_cave_pools, lemuel_crystal_altar, enter_bailey_4
Bailey:   bailey_axe_3, bailey

Skill      XL: |  1  2  3  4  5  6  7  8  9 |
---------------+----------------------------+-----
Fighting       | 4 5 6 7 8 9 |  9.1
Maces & Flails | 3 4 5 6 7 8 |  8.0
Invocations    | 1 4 |  4.9
Armour         | 5 6 |  6.8
Shields        | 5 6 |  6.8

Action                     |  1- 3 |  4- 6 |  7- 9 | 10-12 || total
---------------------------+-------+-------+-------+-------++-------
  Melee: Flail             |    53 |       |   313 |     2 ||   368
         Whip              |    38 |   135 |       |       ||   173
 Invoke: Heroism           |       |       |     3 |     1 ||     4
    Use: Scroll            |     6 |     4 |     7 |       ||    17
         Potion            |       |       |     8 |       ||     8
 Armour: Scale mail        |    27 |       |       |       ||    27
         Chain mail        |    11 |    87 |   243 |       ||   341
         Skin              |     1 |       |       |       ||     1
  Dodge: Dodged            |    20 |    61 |   126 |       ||   207
  Block: Buckler           |    17 |    47 |   101 |     1 ||   166

Table legend: (Time is in decaauts)
 A = Elapsed time spent in this place.
 B = Non-inter-level travel time spent in this place.
 C = Inter-level travel time spent in this place.
 D = Time resting spent in this place.
 E = Time spent auto-exploring this place.
 F = Levels seen in this place.
 G = Mean time per level.
                   A        B        C        D        E       F      G
               +--------+--------+--------+--------+--------+-----+--------+
         Total |   5480 |   5293 |    187 |    947 |   3240 |   8 |  685.0 |
       Dungeon |   5356 |   5169 |    187 |    947 |   3231 |   7 |  765.1 |
        Bailey |    123 |    123 |      0 |      0 |      9 |   1 |  123.0 |
               +--------+--------+--------+--------+--------+-----+--------+

Top non-repeatable levels by time:
     D:3: 1051 daAuts
     D:1: 893 daAuts
     D:6: 871 daAuts
     D:2: 869 daAuts
     D:5: 816 daAuts
     D:4: 804 daAuts
  Bailey: 123 daAuts
     D:7: 49 daAuts
